 Dungeon Crawl Stone Soup version 0.22-a0-402-ga933591 (webtiles) character file.

32 SaraSensei the Skirmisher (level 3, 0/34 HPs)
             Began as a Minotaur Berserker on May 7, 2018.
             Was a Follower of Trog.
             Slain by an orc
             ... wielding a +0 club
              (5 damage)
             ... on level 3 of the Dungeon.
             The game lasted 00:07:44 (783 turns).

SaraSensei the Skirmisher (Minotaur Berserker)       Turns: 783, Time: 00:07:45

Health: 0/34       AC:  2    Str: 21    XL:     3   Next: 8%
Magic:  2/2        EV: 12    Int:  4    God:    Trog [*.....]
Gold:   42         SH:  0    Dex: 10    Spells: 2/2 levels left

rFire    . . .     SeeInvis .   a - +0 hand axe
rCold    . . .     Gourm    .   (no shield)
rNeg     . . .     Faith    .   b - +0 animal skin
rPois    .         Spirit   .   (helmet restricted)
rElec    .         Reflect  .   (no cloak)
rCorr    .         Harm     .   (no gloves)
MR       .....                  (no boots)
Stlth    +.........             (no amulet)
HPRegen  0.11/turn              (no ring)
MPRegen  0.08/turn              (no ring)

@: no status effects
A: retaliatory headbutt, horns 2
a: Berserk, Renounce Religion


You were on level 3 of the Dungeon.
You worshipped Trog.
Trog was aware of your devotion.
You were not hungry.

You visited 1 branch of the dungeon, and saw 3 of its levels.

You collected 42 gold pieces.

Inventory:

Hand Weapons
 a - a +0 hand axe (weapon)
Armour
 b - a +0 animal skin (worn)
 d - a +0 robe
 g - a +0 scale mail
Potions
 e - a potion of heal wounds {unknown}
 f - a potion of flight {unknown}
Comestibles
 c - 2 rations


   Skills:
 + Level 4.3 Fighting
 + Level 4.3 Axes
 + Level 2.6 Armour
 + Level 2.4 Dodging


You had 2 spell levels left.
You didn't know any spells.

Dungeon Overview and Level Annotations

Branches:
Dungeon (3/15)

Altars:

Annotations:
D:3 zero's ghost, amateur TrEE


Innate Abilities, Weirdness & Mutations

You reflexively headbutt those who attack you in melee.
You have a pair of horns on your head.


Message History

Unknown command.
The orc hits you but does no damage.
You see here a ball python corpse.
Zero's ghost makes a sound of rattling chains.
Found 6 needles of confusion.
Found a stone staircase leading up.
Found a ration.
Found a ration.
Zero's ghost misses you. The orc hits you with a club.
You barely miss the orc. The orc barely misses you.
You closely miss the orc. You hit zero's ghost but do no damage.
Zero's ghost hits you.
* * * LOW HITPOINT WARNING * * *
The orc barely misses you.
A rat comes into view.
Zero's ghost screams, "Don't try to defend!
You have no chance!"
Zero's ghost hits you.
* * * LOW HITPOINT WARNING * * *
The orc hits you with a club.
You die...

. ............... .
###..#........... .
#......%.........
#..##... ......#
###..##%.. ......
###........# #r..#
.....#####.# ##...#
)†.........####o@..#
#...##....oog.KW...#
..#####.######.##..#
... #.# #.# ..# .###
#(# ... .... .# ..<
...##...#. .. ...
...## .... . . .
....#.#.. .####
..#..


You could see zero's ghost, 3 orcs, a goblin, a kobold and a rat.

Vanquished Creatures
  An ooze (D:1)
  A dart slug (D:1)
  2 leopard geckos (D:1)
  An orc (D:3)
  3 giant cockroaches
  2 hobgoblins (D:1)
  A ball python (D:3)
  3 bats (D:1)
  2 frilled lizards
  2 goblins (D:1)
  3 kobolds
  2 rats (D:1)
  3 toadstools (D:1)
26 creatures vanquished.

Vanquished Creatures (others)
  A toadstool (D:1)
1 creature vanquished.

Grand Total: 27 creatures vanquished

Notes
Turn   | Place    | Note
-------+----------+-------------------------------------------
     0 | D:1      | SaraSensei the Minotaur Berserker began the quest for the Orb.
     0 | D:1      | Reached XP level 1. HP: 19/19 MP: 0/0
   352 | D:1      | Reached XP level 2. HP: 27/27 MP: 1/1
   732 | D:2      | Reached XP level 3. HP: 30/34 MP: 2/2
   743 | D:3      | Noticed zero's ghost (amateur TrEE)
   783 | D:3      | Slain by an orc

Vault maps used:
D:1:      ldierk_water_garden
D:2:      minmay_misc_feat_roman
D:3:      grunt_temple_overflow_magic_moments, okawaru_metal_pillars_1_2,
          uniq_grinder, uniq_ijyb

Skill      XL: |  1  2 |
---------------+-------+-----
Fighting       | 4 |  4.3
Axes           | 4 |  4.3
Armour         | |  2.6
Dodging        | |  2.4

Action                   || total
-------------------------++-------
Melee: Hand axe          ||    47
       Headbutt          ||     7
  Use: Scroll            ||     1
Armor: Animal skin       ||     8
Dodge: Dodged            ||    42

Table legend:
 A = Spawn XP
 B = Non-spawn XP
 C = Spawn XP percentage of total XP
 D = Spawn monster count
 E = Non-spawn monster count
 F = Spawn count percentage of total count
 G = Total turns spent on level
                    A         B        C        D         E        F      G
               +---------+---------+-------+---------+---------+-------+---------
         Total |       0 |      46 |   0.0 |       0 |      23 |   0.0 |   783
               +---------+---------+-------+---------+---------+-------+---------
           D:1 |       0 |      38 |   0.0 |       0 |      18 |   0.0 |   718
           D:2 |       0 |       3 |   0.0 |       0 |       2 |   0.0 |    25
           D:3 |       0 |       5 |   0.0 |       0 |       3 |   0.0 |    40
               +---------+---------+-------+---------+---------+-------+---------
